Map: Lost and Found LE

Players

RiSky - Winner!

  • Race: Zerg Zerg
  • Spawn Location: 1:00

Rommeo

  • Race: Zerg Zerg
  • Spawn Location: 7:00

Event: WCS Valencia 2018

VOD

Have the link to the VOD?

Description

Time

  • Played on: July 12, 2018, 7:18 a.m.
  • Length: 4:20

All games in this series

Show
View Real Time Build Order
Export as new Build Order

RiSky Zerg - Winner!

Build Orders: Hatch First 

Get SALT Encoding   

  12  0:00  Drone  
  13  0:13  Overlord  
  13  0:17  Drone  
  14  0:31  Drone x2  
  14  0:35  Drone  
  17  0:51  Hatchery  
  17  0:54  Drone  
  17  0:57  Drone  
  18  1:03  Extractor  
  17  1:12  Spawning Pool  
  17  1:14  Drone  
  17  1:18  Drone  
  18  1:28  Drone  
  19  1:39  Overlord  
  19  1:59  Queen  
  19  2:00  Zergling x2  
  19  2:01  Zergling x2  
  23  2:04  Zergling x2  
  23  2:05  Spine Crawler x2  
  22  2:12  Zergling x2  
  23  2:22  Zergling x2  
  19  2:47  Metabolic Boost  
  19  2:51  Zergling x2  
  20  3:01  Zergling x4  
  20  3:05  Zergling x2  
  23  3:08  Zergling x2  
  24  3:13  Zergling x2  
  24  3:16  Zergling x4  
  27  3:20  Zergling x2  
  28  3:27  Zergling x4  
  30  3:34  Zergling x2  
  30  3:40  Overlord  
  31  3:46  Zergling x4  
  33  3:49  Drone  
  34  3:56  Drone  
  34  3:57  Drone  
  34  4:00  Drone  
Show
View Real Time Build Order
Export as new Build Order

Rommeo Zerg 

Build Orders: Pool First 

Get SALT Encoding   

  12  0:18  Spawning Pool  
  11  0:21  Drone  
  11  0:26  Drone  
  13  0:35  Overlord  
  13  0:42  Drone  
  14  1:06  Zergling x6  
  17  1:12  Queen  
  19  1:19  Zergling x2  
  20  1:30  Zergling x2  
  21  1:42  Zergling x2  
  22  2:06  Spine Crawler  
  22  2:07  Spine Crawler  
  20  2:11  Spine Crawler  
  19  2:17  Zergling x6  
  20  2:34  Zergling x6  
  20  2:46  Zergling x2  
  20  3:01  Zergling x2, Hatchery  
  20  3:10  Drone  
  21  3:25  Drone  
  21  3:26  Overlord  
  22  3:35  Extractor  
  22  3:37  Drone  
  22  3:44  Overlord  
Tags
 
Add a new tag
Caveats
  • Supply blocks, unpowered buildings, or Contaminate may cause inaccurate times.
  • Supply counts are checked every 10 seconds.